 Dungeon Crawl Stone Soup version 0.31.0-11-ge490571c62 (webtiles) character file.

Game seed: 8849322295567727990

2436056 Flugkiller the Slayer (level 20, 118/118 (223) HPs)
             Began as a Minotaur Fighter on Jan 29, 2024.
             Was the Champion of Ru.
             Escaped with the Orb
             ... and 3 runes
             ... and 3 gems!
             The game lasted 00:25:20 (36273 turns).

Flugkiller the Slayer (Minotaur Fighter)           Turns: 36273, Time: 00:25:20

HP:   118/118 (223) AC: 31    Str: 25 (26) XL:     20   Next: 35%
MP:   29/29         EV: 18    Int:  8 (10) God:    Ru [******]
Gold: 892           SH: 19    Dex: 10 (11) Spells: 19/19 levels left

rFire   + + .        a - +7 broad axe (vamp)
rCold   . . .        C - +0 kite shield {rC+}
rNeg    . . .        s - +0 storm dragon scales
rPois   +            A - +3 hat of Pondering {ponderous, Will+ MP+10 Int+5}
rElec   +            n - scarf {shadows}
rCorr   .            I - +2 pair of gloves
SInv    +            m - +0 pair of boots of Fun and Games {Regen+ Int+2 Dex-3 SInv}
Will    +++..        B - amulet of reflection Stlth
                     v - +5 ring of evasion
HPRegen 1.19/turn    L - ring "Huiwopiez" {+Blink rPois rF+++ Will+ Slay-2}
MPRegen 0.21/turn

%: random rage (3%), reflection
@: very heavily drained, slow
A: horns 2, screaming 2, inability to use devices, hated by all, no earth magic,
no hexes magic, no translocations magic, temperature sensitive, retaliatory
headbutt, no forms, iridescent scales 1, berserk 1, deterioration 1, dopey 1,
robust 1, subdued magic 1, persistent drain
0: Orb of Zot
}: 3/15 runes: serpentine, barnacled, abyssal
a: Renounce Religion, Draw Out Power, Power Leap, Apocalypse


You escaped.
You worshipped Ru.
Ru was exalted by your worship.
You visited 7 branches of the dungeon, and saw 39 of its levels.
You visited the Abyss 2 times.
You visited 1 bazaar.
You also visited: Bailey and Ice Cave.

You collected 3880 gold pieces.
You spent 2988 gold pieces at shops.

Inventory:

Hand Weapons
 a - a +7 vampiric broad axe (weapon)
   (You took it off Maggie on level 7 of the Dungeon)
 b - a +2 spear of distortion
   (You took it off a merfolk javelineer on level 4 of the Shoals)
 F - the +8 frozen axe "Frostbite" {freeze, freezing cloud, *Noise Fly rC+}
   (You acquired it on level 5 of the Dungeon)

   rC+:       It protects you from cold.
   Fly:       It grants you flight.
   *Noise:    It may make a loud noise when swung.
Missiles
 G - 3 throwing nets (quivered)
Armour
 c - a +0 buckler
 e - +2 fire dragon scales
   (You bought it in a shop on level 2 of the Orcish Mines)
 k - a +2 pair of boots
   (You found it on level 3 of the Dungeon)
 m - the +0 pair of boots of Fun and Games (worn) {Regen+ Int+2 Dex-3 SInv}
   (You found it in an ice cave)

   Int+2:     It affects your intelligence (+2).
   Dex-3:     It affects your dexterity (-3).
   SInv:      It lets you see invisible.
   Regen+:    It increases your rate of health regeneration.
 n - a scarf of shadows (worn)
   (You found it on level 6 of the Dungeon)
 p - a +0 plate armour
   (You took it off an orc warrior on level 8 of the Dungeon)
 s - +0 storm dragon scales (worn)
   (You found it on level 3 of the Realm of Zot)
 A - the +3 hat of Pondering (worn) {ponderous, Will+ MP+10 Int+5}
   (You took it off Gastronok on level 10 of the Dungeon)

   Int+5:     It affects your intelligence (+5).
   Will+:     It increases your willpower.
   MP+10:     It affects your magic capacity (+10).
 C - a +0 kite shield of cold resistance (worn)
   (You found it in an ice cave)
 I - a +2 pair of gloves (worn)
   (You found it on level 12 of the Dungeon)
Jewellery
 i - a ring of see invisible
   (You found it on level 2 of the Snake Pit)
 v - a +5 ring of evasion (left hand)
   (You found it on level 6 of the Dungeon)
 B - an amulet of reflection (around neck)
   (You found it on level 6 of the Dungeon)
 D - the ring "Vuvuna" {rCorr Int+3 Slay+3}
   (You found it in an ice cave)

   [ring of resist corrosion]

   Int+3:     It affects your intelligence (+3).
   Slay+3:    It affects your accuracy & damage with ranged weapons and melee
   (+3).
   rCorr:     It protects you from acid and corrosion.
 L - the ring "Huiwopiez" (right hand) {+Blink rPois rF+++ Will+ Slay-2}
   (You bought it in a shop in a bazaar)

   [ring of poison resistance]

   Slay-2:    It affects your accuracy & damage with ranged weapons and melee
   (-2).
   rF+++:     It renders you almost immune to fire.
   rPois:     It protects you from poison Will+: It increases your willpower.
   +Blink:    It lets you blink.
 M - the amulet "Suhac" {RegenMP rElec Will+ Str-3}
   (You found it on level 4 of the Shoals)

   [amulet of magic regeneration]

   RegenMP:   It increases your rate of magic regeneration.
   Str-3:     It affects your strength (-3).
   rElec:     It insulates you from electricity.
   Will+:     It increases your willpower.
 P - the ring of Suotomp {Will+ Str+2 Stlth+}
   (You took it off a rakshasa on level 3 of the Depths)

   [ring of willpower]

   Str+2:     It affects your strength (+2).
   Will+:     It increases your willpower.
   Stlth+:    It makes you more stealthy.
Scrolls
 f - 2 scrolls of brand weapon
 j - a scroll of fog
 l - 8 scrolls of vulnerability
 r - a scroll of identify
 t - 2 scrolls of teleportation
 u - 3 scrolls of enchant armour
 E - a scroll of torment
 H - 8 scrolls of immolation
 K - 3 scrolls of fear
 N - 2 scrolls of silence
Potions
 d - 2 potions of might
 g - a potion of attraction
 o - 2 potions of invisibility
 q - 7 potions of curing
 O - a potion of ambrosia


   Skills:
 + Level 23.1 Fighting
 - Level 18.4 Axes
 + Level 22.3 Armour
 + Level 13.9 Dodging
 + Level 19.4 Shields


You had 19 spell levels left.
You didn't know any spells.
Your spell library contained the following spells:

 Spells                   Type           Power      Damage    Failure   Level
 Foxfire                  Conj/Fire      0%         2x1d4     80%         1
 Freeze                   Ice            0%         1d3       80%         1
 Necrotise                Necr           0%         1d4       80%         1
 Cigotuvi's Dreadful Rot  Necr/Alch/Air  0%         N/A       91%         2
 Mercury Vapours          Alch/Air       0%         N/A       91%         2
 Static Discharge         Conj/Air       0%         3-3/arc   91%         2
 Frozen Ramparts          Ice            0%         1d1       99%         3
 Hailstorm                Conj/Ice       0%         3d5       99%         3
 Mephitic Cloud           Conj/Alch/Air  0%         N/A       99%         3
 Swiftness                Air            0%         N/A       99%         3
 Vampiric Draining        Necr           0%         2d6       99%         3
 Airstrike                Air            0%         2d(0-16)  100%        4
 Dispel Undead            Necr           0%         3d6       100%        4
 Fulminant Prism          Conj/Alch      0%         3d5       100%        4
 Curse of Agony           Necr           0%         N/A       100%        5
 Freezing Cloud           Conj/Ice/Air   0%         6-21      100%        5
 Eringya's Noxious Bog    Alch           0%         4d6       100%        6
 Plasma Beam              Fire/Air       0%         2x1d10    100%        6
 Starburst                Conj/Fire      0%         6d3       100%        6
 Ensorcelled Hibernation  Hex/Ice        Unusable   N/A       N/A         2
 Passwall                 Erth           Unusable   N/A       N/A         3
 Volatile Blastmotes      Fire/Tloc      Unusable   2d10      N/A         3
 Iskenderun's Mystic Bla  Conj/Tloc      Unusable   2d3       N/A         4
 Martyr's Knell           Necr/Summ      Unusable   N/A       N/A         4
 Summon Lightning Spire   Summ/Air       Unusable   N/A       N/A         4
 Summon Forest            Summ/Tloc      Unusable   N/A       N/A         5
 Death Channel            Necr           Unusable   N/A       N/A         6
 Summon Hydra             Summ           Unusable   N/A       N/A         7

Dungeon Overview and Level Annotations

Branches:
Dungeon (15/15)            Temple (0/1) D:4            Lair (5/5) D:10
 Shoals (4/4) Lair:2        Snake (4/4) Lair:2        Slime (0/5) Lair:4
    Orc (2/2) D:9             Elf (0/3) Orc:2        Vaults (0/5) D:14
 Depths (4/4) D:15            Zot (5/5) Depths:4     Bailey (visited)
  IceCv (visited)

Altars:
Ashenzari
Cheibriados
Elyvilon
Gozag
Kikubaaqudgha
Okawaru
Ru
Uskayaw
Vehumet
Wu Jian
Xom
Zin
The Shining One

Shops:
D:4 *   D:5 *   D:12 ?   D:15 *   Orc:1 *==   Orc:2 *[=

Portals:
Hell: Depths:2 Depths:4
Abyss: Depths:4
Pandemonium: Depths:2 Depths:4
Ziggurat: Depths:4
Trove: D:10 (give 7 potions of haste)

Annotations:
D:13 1 transporter
Depths:2 1 transporter


Innate Abilities, Weirdness & Mutations

You have a pair of horns on your head.
You frequently scream uncontrollably at your foes.
You cannot study or use magical devices.
You are hated by all.
You cannot study or cast Earth magic.
You cannot study or cast Hexes magic.
You cannot study or cast Translocations magic.
You are sensitive to extremes of temperature. (rF-, rC-)
You reflexively headbutt those who attack you in melee.
You cannot voluntarily change form.
You are partially covered in iridescent scales. (AC +2)
You sometimes lose your temper in combat.
Your body sometimes deteriorates upon taking damage.
You are dopey. (Int -2)
You are robust. (+10% HP)
Your spells are a little easier to cast, but a little less powerful.
Your health recovers twice as slowly from being drained.


Message History

You focus your inner power and illuminate the profane servitor in retribution!
You block the profane servitor's attack. x2
A red film seems to cover your vision as you go berserk!
You feel yourself moving faster!
You feel mighty!
You miss the profane servitor.
Your headbutt misses the profane servitor.
The profane servitor is severely damaged.
The profane servitor hits you with a +3 whip.
The profane servitor draws strength from your injuries!
The profane servitor hits you but does no damage.
You carve the profane servitor like a ham!!!
The profane servitor is almost destroyed.
You barely miss the profane servitor.
The profane servitor is almost destroyed.
The profane servitor is stunned by your conviction and fails to attack.
You slash the profane servitor! You headbutt the profane servitor.
The profane servitor is almost destroyed.
The profane servitor hits you with a +3 whip!
The profane servitor draws strength from your injuries!
You block the profane servitor's attack.
You slash the profane servitor!
The profane servitor is almost destroyed.
You slice the profane servitor!!
You destroy the profane servitor!
You see here a +3 whip.
You feel a strong urge to attack something.
You feel your anger nearly subside.
You are no longer berserk.
You are exhausted.
You feel yourself slow down.
You can't go up here!
There is a stone staircase leading up here.
You climb upwards.
There is a stone staircase leading down here.
What level of the Dungeon? (default 1, ? - help)
You see here a +0 troll leather armour.
You feel yourself speed up.
You recover from your berserk rage.
There is a stone staircase leading up here.
You climb upwards.
There is a stone staircase leading down here.
HP restored.
There is a stone staircase leading up here.
You climb upwards.
There is a stone staircase leading down here.
There is a stone staircase leading up here.
You climb upwards.
There is a stone staircase leading down here.
A hellephant comes into view.
You scream at the hellephant!
Unknown command.
The hellephant moves out of view.
There is a stone staircase leading up here.
You climb upwards.
There is a stone staircase leading down here.
What level of the Dungeon? (default 1, ? - help)
There is a stone staircase leading up here.
You climb upwards.
There is a stone staircase leading down here.
There is a stone staircase leading up here.
You see here a potion of degeneration.
You climb upwards.
There is a stone staircase leading down here.
You open the door.
There is an open door here.
A toenail golem comes into view.
There is a stone staircase leading up here.
You climb upwards.
There is a stone staircase leading down here.
There is a stone staircase leading up here.
You climb upwards.
There is a stone staircase leading down here.
An efreet comes into view.
It is wielding a +3 scimitar of flaming.
Unknown command.
You redirect the efreet's attack!
The efreet gestures at itself.
The fireball explodes!
The fireball engulfs the efreet.
The efreet completely resists.
The efreet begins to attack, but is stunned by your conviction!
The efreet gestures at you. The bolt of fire hits you. You resist.
You hit the efreet.
The efreet is lightly wounded.
You block the efreet's attack. The efreet gestures at you.
The bolt of fire hits you. You resist.
You slash the efreet! Your headbutt misses the efreet.
The efreet is moderately wounded.
The efreet gestures at you.
The fireball explodes!
The fireball engulfs you! You resist.
The fireball engulfs the efreet.
The efreet completely resists.
You slice the efreet!!
You headbutt the efreet, but do no damage.
The efreet is almost dead.
You hit the efreet.
You kill the efreet!
No target in view!
HP restored.
There is an open gate here.
There is a staircase leading out of the dungeon here.
You have escaped!

..#..........♣.....♣........)....
..........................###....
......#.......#'''#...........)..
......#.....###...###............
..#..##.....#.......#............
..#..##.....#.......#..........#.
............#.......#..........#.
.....###....#.......#..........#.
............#...@...#............
.....###..###.......###..........
#.....##..#...........#...##.....
#.....##..#.8.......8.#...##.....
#.....#...#...#####...#...##.....
......#...#####...#####...##.....
.................................
.................................
................⌠................


There were no monsters in sight!

Vanquished Creatures
  Mara (Shoals:3)
  A Killer Klown (Zot:5)
  2 curse toes (Zot:5)
  A profane servitor (D:10)
  A golden dragon (Zot:3)
  A doom hound (Depths:2)
  2 tentacled monstrosities
  Jorgrun (D:14)
  4 Hell Sentinels
  10 Orb Guardians
  4 quicksilver dragons
  A walking frostbound tome (Depths:2)
  Grunn (Depths:2)
  A pandemonium lord (D:13)
  Polyphemus (Shoals:4)
  2 tentacled starspawn (Abyss:4)
  Gastronok (D:10)
  An Executioner (Abyss:4)
  A tengu reaver (Depths:2)
  Kirke (Lair:5)
  A shadow dragon (Zot:3)
  4 nagarajas (Snake:4)
  2 storm dragons (Zot:3)
  2 fire giants (Depths:4)
  Ilsuiw (Shoals:3)
  3 draconian monks
  An emperor scorpion (D:15)
  4 frost giants
  4 very ugly things
  2 spriggan defenders (Depths:3)
  2 reapers
  A draconian stormcaller (Zot:5)
  2 draconian annihilators
  A stone giant (Depths:3)
  A green draconian (Zot:5)
  A bunyip (Abyss:4)
  Nessos (D:15)
  2 vampire knights
  4 black draconians
  7 red draconians
  6 spark wasps (Depths:2)
  A dire elephant (D:15)
  3 purple draconians
  2 white draconians
  Snorg (D:11)
  A yellow draconian (Zot:3)
  3 ettins
  5 merfolk impalers
  A blizzard demon (Depths:2)
  2 merfolk javelineers (Shoals:4)
  2 jiangshi (Depths:4)
  3 salamander tyrants (Snake:4)
  5 fire dragons
  The ghost of Pamiuf the Slicer, a journeyman KoSu of Ru (Lair:2)
  Fannar (D:11)
  2 rakshasas
  4 vault guards (D:14)
  An ice dragon (Depths:1)
  5 hydras
  An ogre mage (D:15)
  2 catoblepae
  4 spriggan air magi
  4 anacondas
  3 boulder beetles
  2 merfolk avatars (Shoals:4)
  A satyr (Shoals:4)
  4 merfolk aquamancers
  4 deep troll shamans
  7 naga warriors
  Urug (Lair:1)
  A death knight (D:13)
  2 tengu warriors
  4 death yaks (Shoals:4)
  12 two-headed ogres
  2 vampire magi
  5 centaur warriors
  6 thrashing horrors (Abyss:4)
  6 hell knights (Depths:4)
  5 deep troll earth magi
  2 spriggan berserkers
  A sun demon (D:13)
  3 shock serpents (Snake:1)
  3 iron trolls
  10 naga sharpshooters
  2 orc high priests (Orc:2)
  4 skysharks
  4 wretched stars (Abyss:4)
  Nergalle (Lair:3)
  2 sixfirhies
  2 salamander mystics
  2 glowing orange brains
  19 deep trolls
  4 naga ritualists
  2 sea snakes
  2 mana vipers
  2 arcanists
  A flayed ghost (Depths:2)
  5 lindwurms
  A deep elf zephyrmancer (D:13)
  A deep elf pyromancer (D:13)
  4 large abominations (Abyss:4)
  3 necromancers (Depths:4)
  A deep elf archer (D:14)
  Pikel (D:3)
  8 harpies
  2 phantasmal warriors
  2 orc knights
  A cyclops (Shoals:2)
  6 salamanders
  27 ugly things
  6 orc sorcerers
  10 manticores
  An ice statue (IceCv)
  8 moths of wrath
  12 fauns
  6 merfolk sirens
  A worldbinder (Abyss:4)
  2 kobold blastminers (Orc:1)
  Maurice (D:12)
  26 black mambas
  4 water nymphs
  6 guardian serpents
  13 naga magi
  4 elephants (Lair:5)
  2 smoke demons (Abyss:4)
  2 molten gargoyles (Lair:5)
  Maggie (D:7)
  2 gargoyles (D:14)
  A kobold demonologist (D:13)
  12 cane toads
  2 rime drakes
  An efreet (D:1)
  2 unseen horrors
  A yaktaur (D:14)
  A hellion (Depths:2)
  An anaconda simulacrum (IceCv)
  13 komodo dragons
  5 tengu conjurers
  An ice devil (Zot:2)
  A tormentor (D:13)
  A polar bear (shapeshifter) (D:13)
  33 merfolk
  A red devil (D:13)
  2 ancient zymes (Abyss:4)
  4 trolls
  Grinder (D:6)
  4 wind drakes
  5 polar bears
  7 dream sheep
  14 blink frogs
  9 raiju (Abyss:4)
  A snapping turtle (Shoals:4)
  2 centaur simulacra
  Sigmund (D:3)
  28 slime creatures
  13 wyverns
  7 spriggans
  2 dire elephant simulacra (IceCv)
  A shadow (D:9)
  62 yaks
  5 hogs (Lair:5)
  A wraith (D:10)
  16 starcursed masses (Abyss:4)
  9 basilisks
  A hog (shapeshifter) (Depths:4)
  5 neqoxecs (Abyss:4)
  7 water elementals
  3 fire bats (Orc:2)
  4 steam dragons
  2 wargs (Orc:1)
  17 vampire mosquitoes
  5 harpy simulacra (IceCv)
  22 nagas
  4 hell hounds (Lair:5)
  An acid dragon (D:11)
  12 water moccasins
  3 sky beasts
  9 ogres
  2 black bears
  23 orc warriors
  16 centaurs
  An ogre (shapeshifter) (D:14)
  3 small abominations (Abyss:4)
  8 wolves
  2 lemures (D:4)
  A phantom (D:6)
  4 kobold brigands
  Blork the orc (D:4)
  A brain worm (Abyss:4)
  3 gnoll sergeants
  11 bullfrogs
  2 scorpions
  3 cane toad simulacra (IceCv)
  12 wights
  6 two-headed ogre simulacra (IceCv)
  2 elephant simulacra (IceCv)
  4 killer bees (D:10)
  7 electric eels
  10 howler monkeys
  8 lava snakes
  A quasit (Abyss:4)
  A gnoll bouda (D:10)
  3 bombardier beetles
  4 jellies
  26 orc priests
  An iron imp (Abyss:4)
  2 sleepcaps
  3 iguanas
  Natasha (thrice) (D:3)
  37 orc wizards
  6 troll simulacra (IceCv)
  3 spriggan simulacra (IceCv)
  A polar bear simulacrum (IceCv)
  2 wolf simulacra (IceCv)
  13 gnolls
  7 adders
  8 naga simulacra (IceCv)
  2 shadow imps
  8 white imps
  19 ufetubi
  4 dart slugs
  A ribbon worm (D:10)
  57 orcs
  8 endoplasms
  5 giant cockroaches
  5 goblins
  3 hobgoblins
  3 jackals (D:2)
  5 quokkas
  3 ball pythons
  4 bats
  2 frilled lizards
  28 kobolds
  2 rats
  A butterfly (Lair:2)
  A starspawn tentacle (Abyss:4)
1221 creatures vanquished.

Vanquished Creatures (others)
  A Killer Klown (Zot:5)
  A nagaraja (Snake:4)
  An angel (Depths:2)
  A salamander tyrant (Snake:4)
  2 hell knights (Depths:4)
  A faun (Shoals:1)
  2 manticores
  3 black mambas
  An orange demon (D:13)
  A hornet (Depths:3)
  A slime creature (D:11)
  A human (Lair:5)
  An orc warrior (Orc:2)
  2 wolves
  A starcursed mass (Abyss:4)
  A centaur (D:13)
  A starspawn tentacle (Abyss:4)
22 creatures vanquished.

Grand Total: 1243 creatures vanquished

Notes
Turn   | Place    | Note
-------+----------+-------------------------------------------
     0 | D:1      | Flugkiller the Minotaur Fighter began the quest for the
                  | Orb.
     0 | D:1      | Reached XP level 1. HP: 19/19 MP: 0/0
   202 | D:1      | Reached XP level 2. HP: 27/27 MP: 1/1
   240 | D:1      | Reached skill level 4 in Fighting
   878 | D:2      | Found a faded altar of an unknown god.
   913 | D:2      | Reached XP level 3. HP: 33/33 MP: 2/2
   960 | D:2      | Prayed at the altar of an unknown god.
   960 | D:2      | Became a worshipper of Ru the Awakened
   967 | D:2      | Gained mutation: You cannot study or cast Earth magic. [Ru
                  | sacrifice]
   967 | D:2      | Gained mutation: You cannot study or cast Hexes magic. [Ru
                  | sacrifice]
   967 | D:2      | Gained mutation: You cannot study or cast Translocations
                  | magic. [Ru sacrifice]
   967 | D:2      | Reached * piety under Ru
  1737 | D:3      | Noticed Natasha
  1741 | D:3      | Killed Natasha
  1742 | D:3      | Reached XP level 4. HP: 40/41 MP: 3/3
  1765 | D:3      | Noticed Sigmund
  1810 | D:3      | Killed Sigmund
  1811 | D:3      | Reached skill level 5 in Fighting
  1811 | D:3      | Reached XP level 5. HP: 31/48 MP: 4/4
  1910 | D:3      | Reached XP level 6. HP: 43/56 MP: 5/5
  2169 | D:3      | Noticed Natasha
  2177 | D:3      | Killed Natasha
  2178 | D:3      | Reached skill level 5 in Axes
  2606 | D:3      | Noticed Natasha
  2611 | D:3      | Killed Natasha
  2695 | D:3      | Found a glowing golden altar of the Shining One.
  3368 | D:4      | Reached skill level 6 in Fighting
  3400 | D:4      | Noticed Blork the orc
  3408 | D:4      | Killed Blork the orc
  3409 | D:4      | Reached skill level 5 in Armour
  3409 | D:4      | Reached skill level 5 in Shields
  3556 | D:4      | Found Faw Pyrch's General Store.
  3606 | D:4      | Found a staircase to the Ecumenical Temple.
  3663 | D:4      | Noticed Pikel
  3674 | D:3      | Killed Pikel
  3675 | D:3      | Reached skill level 7 in Fighting
  3675 | D:3      | Reached XP level 7. HP: 53/66 MP: 6/6
  3720 | D:4      | Found a glowing silver altar of Zin.
  3774 | D:4      | Gained mutation: You cannot study or use magical devices.
                  | [Ru sacrifice]
  3774 | D:4      | Reached ** piety under Ru
  3774 | D:4      | Reached *** piety under Ru
  3779 | D:4      | Found an iron altar of Okawaru.
  3857 | D:4      | Found an ancient bone altar of Kikubaaqudgha.
  3991 | D:5      | Entered Level 5 of the Dungeon
  4022 | D:5      | Reached XP level 8. HP: 71/73 MP: 7/7
  4039 | D:5      | HP: 1/68 [wight/+3 halberd (12)]
  4048 | D:5      | Identified a scroll of acquirement
  4048 | D:5      | Acquired the +8 frozen axe "Frostbite" {freeze, freezing
                  | cloud, *Noise Fly rC+}
  4048 | D:5      | Found the +8 frozen axe "Frostbite" {freeze, freezing
                  | cloud, *Noise Fly rC+}
  4050 | D:5      | HP: 1/68 [wight/+3 halberd (9)]
  4521 | D:5      | Reached skill level 8 in Fighting
  4531 | D:5      | Found Axow's Gadget Gallery.
  4751 | D:5      | Reached skill level 1 in Dodging
  5261 | D:6      | Noticed Grinder
  5268 | D:6      | Killed Grinder
  5269 | D:6      | Reached skill level 9 in Fighting
  5322 | D:6      | Reached XP level 9. HP: 83/83 MP: 8/8
  6490 | D:7      | Found an opulent altar of Gozag.
  6559 | D:7      | Gained mutation: You cannot voluntarily change form. [Ru
                  | sacrifice]
  6576 | D:7      | Noticed Maggie
  6584 | D:7      | Killed Maggie
  6952 | D:7      | Reached skill level 10 in Fighting
  6952 | D:7      | Reached skill level 10 in Axes
  6963 | D:7      | Found a white marble altar of Elyvilon.
  7775 | D:8      | Found a flagged portal.
  7784 | Bailey   | Entered a bailey
  7815 | Bailey   | Reached XP level 10. HP: 86/93 MP: 9/9
  7844 | Bailey   | Noticed a two-headed ogre
  7859 | Bailey   | Killed a two-headed ogre
  7860 | Bailey   | Reached skill level 5 in Dodging
  8539 | D:8      | Acquired 664 gold pieces
  8581 | D:9      | Found a staircase to the Orcish Mines.
  8654 | D:9      | Reached skill level 11 in Fighting
  8712 | D:9      | Found a shimmering altar of Xom.
  8713 | D:9      | Noticed a two-headed ogre
  8718 | D:9      | Killed a two-headed ogre
  8933 | D:9      | Reached XP level 11. HP: 99/102 MP: 10/10
  9112 | D:9      | Gained mutation: You occasionally shout uncontrollably at
                  | your foes. [Ru sacrifice]
  9112 | D:9      | Reached **** piety under Ru
  9125 | D:9      | Identified the +7 dagger "Turhel" {freeze, rF+}
  9165 | D:9      | Found a broken altar of Ashenzari.
  9628 | D:10     | Entered Level 10 of the Dungeon
  9667 | D:10     | Noticed Gastronok
  9676 | D:10     | Killed Gastronok
  9815 | D:10     | Found a staircase to the Lair.
  9832 | D:10     | Found a hide-covered altar of Uskayaw.
  9953 | D:10     | Reached skill level 10 in Armour
 10188 | D:10     | Found a sacrificial altar of Ru.
 10317 | D:10     | Found a portal to a secret trove of treasure.
 10899 | D:10     | Found a snail-covered altar of Cheibriados.
 11449 | D:11     | Reached skill level 12 in Fighting
 11529 | D:11     | Noticed a brown ugly thing
 11530 | D:11     | Noticed a two-headed ogre
 11533 | D:11     | Killed a brown ugly thing
 11535 | D:11     | Killed a two-headed ogre
 11590 | D:11     | Gained mutation: You are sensitive to extremes of
                  | temperature. (rF-, rC-) [Ru sacrifice]
 11590 | D:11     | Reached ***** piety under Ru
 11596 | D:11     | Noticed Fannar
 11607 | D:11     | Killed Fannar
 11731 | D:11     | Noticed a two-headed ogre
 11738 | D:11     | Killed a two-headed ogre
 11893 | D:11     | Noticed Snorg
 11901 | D:11     | Killed Snorg
 11902 | D:11     | Reached XP level 12. HP: 79/113 MP: 11/11
 12760 | D:12     | Noticed a two-headed ogre
 12763 | D:12     | Noticed Maurice
 12764 | D:12     | Killed a two-headed ogre
 12770 | D:12     | Killed Maurice
 12930 | D:12     | Reached skill level 15 in Axes
 13107 | D:12     | Found Obbuimpa's Magic Scroll Emporium.
 13187 | D:12     | Bought a scroll of enchant armour for 120 gold pieces
 13453 | D:12     | Reached skill level 13 in Fighting
 14150 | D:13     | Noticed a centaur warrior
 14157 | D:13     | Killed a centaur warrior
 14208 | D:13     | Noticed a boulder beetle
 14215 | D:13     | Killed a boulder beetle
 14390 | D:13     | Noticed a death knight
 14396 | D:13     | Killed a death knight
 14556 | D:13     | Noticed a two-headed ogre
 14561 | D:13     | Killed a two-headed ogre
 14563 | D:13     | Noticed a boulder beetle
 14573 | D:13     | Killed a boulder beetle
 14680 | D:13     | Identified the +4 trident "Ogrebane" {pain, ^Drain rElec
                  | Will- Dex+8}
 14680 | D:13     | Noticed a centaur warrior
 14683 | D:13     | Killed a centaur warrior
 14687 | D:13     | Reached XP level 13. HP: 104/122 MP: 12/12
 14857 | D:13     | Found a transporter.
 14876 | D:13     | Gained mutation: You are hated by all. [Ru sacrifice]
 14876 | D:13     | Reached ****** piety under Ru
 14906 | D:13     | Reached skill level 10 in Dodging
 15153 | D:13     | You are sucked into a shaft and drop 2 floors!
 15153 | D:15     | Entered Level 15 of the Dungeon
 15933 | D:14     | Reached skill level 14 in Fighting
 16519 | D:14     | Noticed Jorgrun
 16527 | D:14     | Killed Jorgrun
 16584 | D:14     | Reached XP level 14. HP: 74/133 MP: 13/13
 17374 | D:14     | Found a gate to the Vaults.
 17806 | Lair:1   | Entered Level 1 of the Lair of Beasts
 17823 | Lair:1   | Reached skill level 15 in Fighting
 17824 | Lair:1   | Noticed Urug
 17832 | Lair:1   | Killed Urug
 18918 | Lair:2   | Found a runed translucent door.
 18920 | Lair:2   | Found the +5 glaive of the Guard {elec, spectral}
 18921 | Lair:2   | Noticed Pamiuf's ghost (journeyman KoSu)
 18932 | Lair:2   | Found a staircase to the Snake Pit.
 18967 | Lair:2   | Killed Pamiuf's ghost
 19278 | Lair:2   | Found a staircase to the Shoals.
 20371 | Lair:3   | Reached skill level 16 in Fighting
 20659 | Lair:3   | Noticed Nergalle
 20663 | Lair:3   | Killed Nergalle
 20739 | Lair:3   | Reached skill level 15 in Armour
 21557 | Lair:4   | Found an iron altar of Okawaru.
 21953 | Lair:4   | Found a staircase to the Slime Pits.
 22012 | Lair:4   | Reached XP level 15. HP: 122/145 MP: 14/14
 22848 | Lair:5   | Entered Level 5 of the Lair of Beasts
 23046 | Lair:5   | Gained mutation: You have hidden genetic potential. [potion
                  | of mutation]
 23046 | Lair:5   | Gained mutation: You are resistant to electric shocks.
                  | (rElec) [potion of mutation]
 23046 | Lair:5   | Gained mutation: You sometimes lose your temper in combat.
                  | [potion of mutation]
 23049 | Lair:5   | Reached skill level 17 in Fighting
 23049 | Lair:5   | Reached skill level 10 in Shields
 23049 | Lair:5   | Reached XP level 16. HP: 151/155 MP: 15/15
 23066 | Lair:5   | Lost mutation: You are resistant to electric shocks.
                  | (rElec) [potion of mutation]
 23066 | Lair:5   | Lost mutation: You have hidden genetic potential. [potion
                  | of mutation]
 23066 | Lair:5   | Lost mutation: You sometimes lose your temper in combat.
                  | [potion of mutation]
 23066 | Lair:5   | Gained mutation: You are robust. (+10% HP) [potion of
                  | mutation]
 23066 | Lair:5   | Gained mutation: Your spells are a little easier to cast,
                  | but a little less powerful. [potion of mutation]
 23066 | Lair:5   | Gained mutation: You are partially covered in iridescent
                  | scales. (AC +2) [potion of mutation]
 23143 | Lair:5   | Noticed Kirke
 23152 | Lair:5   | Killed Kirke
 23218 | Lair:5   | Found a large runed translucent door.
 23219 | Lair:5   | Found a large runed translucent door.
 24675 | D:15     | Found an opulent altar of Gozag.
 24676 | D:15     | Found Gozag's Platinum Reserve.
 24893 | D:15     | Found a staircase to the Depths.
 25109 | D:15     | Noticed Nessos
 25110 | D:15     | Reached skill level 18 in Fighting
 25118 | D:15     | Killed Nessos
 25625 | Orc:1    | Entered Level 1 of the Orcish Mines
 25626 | Orc:1    | Found Ocekyod's Jewellery Shoppe.
 25629 | Orc:1    | Found Vana's Assorted Antiques.
 25676 | Orc:1    | Bought a scroll of enchant weapon for 187 gold pieces
 25676 | Orc:1    | Bought a scroll labelled XOMPUM NUATE for 25 gold pieces
 25702 | Orc:1    | Found Fothrieq's Jewellery Shop.
 26272 | Orc:2    | Entered Level 2 of the Orcish Mines
 26281 | Orc:2    | Found a frozen archway.
 26288 | IceCv    | Entered an ice cave
 26323 | IceCv    | Identified the ring "Vuvuna" {rCorr Int+3 Slay+3}
 26756 | IceCv    | Identified the +0 pair of boots of Fun and Games {Regen+
                  | Int+2 Dex-3 SInv}
 27355 | Orc:2    | Found Ulireiqy's Assorted Antiques.
 27356 | Orc:2    | Found Zuge's Jewellery Boutique.
 27389 | Orc:2    | Found Ypair's Armour Boutique.
 27392 | Orc:2    | Found Dorediov's Armour Shop.
 27565 | Orc:2    | Found a staircase to the Elven Halls.
 28045 | Orc:2    | Bought +2 fire dragon scales for 1224 gold pieces
 28195 | Snake:1  | Entered Level 1 of the Snake Pit
 28405 | Snake:1  | Reached XP level 17. HP: 170/179 MP: 16/16
 28924 | Snake:2  | Reached skill level 19 in Fighting
 28946 | Snake:3  | Found a flickering gateway to a bazaar.
 28988 | Bazaar   | Entered a bazaar
 29006 | Bazaar   | Found Peqoas's Antique Weapon Emporium.
 29022 | Bazaar   | Found Kuirynen's General Store.
 29038 | Bazaar   | Found Pyilokhla's Antique Armour Shoppe.
 29054 | Bazaar   | Found Ozuar's Jewellery Emporium.
 29054 | Bazaar   | Found Waibiho's Magic Scroll Shoppe.
 29059 | Bazaar   | Bought a scroll of enchant weapon for 90 gold pieces
 29059 | Bazaar   | Bought a scroll of revelation for 90 gold pieces
 29059 | Bazaar   | Bought a scroll of fear for 48 gold pieces
 29059 | Bazaar   | Bought a scroll of fear for 48 gold pieces
 29065 | Bazaar   | Bought the ring "Huiwopiez" {+Blink rPois rF+++ Will+
                  | Slay-2} for 794 gold pieces
 29632 | Snake:4  | Entered Level 4 of the Snake Pit
 29865 | Snake:4  | Noticed a quicksilver dragon
 29873 | Snake:4  | Killed a quicksilver dragon
 29956 | Snake:4  | Got a jade gem with 857 turns to spare
 29965 | Snake:4  | Got a serpentine rune of Zot
 30209 | Shoals:1 | Entered Level 1 of the Shoals
 30244 | Shoals:1 | Reached skill level 15 in Shields
 30308 | Shoals:2 | Reached skill level 20 in Fighting
 30632 | Shoals:3 | Noticed Ilsuiw
 30654 | Shoals:3 | Reached XP level 18. HP: 168/183 MP: 17/17
 30658 | Shoals:3 | Killed Ilsuiw
 30903 | Shoals:3 | Noticed Mara
 30934 | Shoals:3 | Killed Mara
 31002 | Shoals:4 | Entered Level 4 of the Shoals
 31043 | Shoals:4 | Identified the amulet "Suhac" {RegenMP rElec Will+ Str-3}
 31188 | Shoals:4 | Noticed Polyphemus
 31202 | Shoals:4 | Killed Polyphemus
 31261 | Shoals:4 | Got an azure gem with 651 turns to spare
 31263 | Shoals:4 | Got a barnacled rune of Zot
 31423 | Abyss:4  | Cast into level 4 of the Abyss (unwielding a weapon of
                  | distortion)
 31502 | Abyss:4  | Found a corrupted altar of Lugonu.
 31572 | Abyss:4  | Found a corrupted altar of Lugonu.
 31655 | Abyss:4  | Reached skill level 21 in Fighting
 31717 | Abyss:4  | Noticed a Hell Sentinel
 31733 | Abyss:4  | Killed a Hell Sentinel
 31791 | Abyss:4  | Found a corrupted altar of Lugonu.
 31819 | Lair:2   | Escaped the Abyss
 32030 | Depths:1 | Entered Level 1 of the Depths
 32331 | Depths:2 | Found a gateway to Hell.
 32382 | Depths:2 | Found a one-way gate leading to the halls of Pandemonium.
 32401 | Depths:2 | Found a transporter.
 32402 | Depths:2 | Found a radiant altar of Vehumet.
 32579 | Depths:3 | Found an ornate altar of the Wu Jian Council.
 32734 | Depths:3 | Identified the ring of Suotomp {Will+ Str+2 Stlth+}
 32761 | Depths:3 | Reached XP level 19. HP: 168/170 MP: 18/18
 32820 | Depths:4 | Entered Level 4 of the Depths
 32957 | Depths:4 | Found a one-way gateway to a ziggurat.
 33004 | Depths:4 | Reached skill level 22 in Fighting
 33541 | Depths:4 | Found a one-way gate to the infinite horrors of the Abyss.
 33542 | Depths:4 | Found a gate to the Realm of Zot.
 33572 | Depths:4 | Voluntarily entered the Abyss.
 33701 | Abyss:4  | Noticed an ancient lich
 33714 | Abyss:4  | Got an abyssal rune of Zot
 33879 | Depths:4 | Escaped the Abyss
 33887 | Depths:4 | Got a midnight gem with 1462 turns to spare
 33889 | Zot:1    | Entered Level 1 of the Realm of Zot
 34095 | Depths:2 | Noticed a doom hound
 34097 | Depths:2 | Identified the +5 sling of Mayg {freeze, ^Contam rF++ SInv
                  | Stlth+}
 34097 | Depths:2 | Noticed Grunn
 34098 | Depths:2 | Noticed a doom hound
 34104 | Depths:2 | Killed a doom hound
 34110 | Depths:2 | Killed Grunn
 34318 | Orc:1    | Bought a scroll of revelation for 187 gold pieces
 34318 | Orc:1    | Bought a scroll of fear for 100 gold pieces
 34318 | Orc:1    | Bought a scroll of teleportation for 75 gold pieces
 34848 | Zot:4    | Noticed a golden dragon
 35236 | Zot:3    | Killed a golden dragon
 35305 | Zot:5    | Entered Level 5 of the Realm of Zot
 35320 | Zot:5    | Noticed a curse toe
 35335 | Zot:5    | Killed a curse toe
 35339 | Zot:5    | Noticed a curse toe
 35347 | Zot:5    | Noticed a Killer Klown
 35359 | Zot:5    | Killed a curse toe
 35475 | Zot:5    | Killed a Killer Klown
 35476 | Zot:5    | Reached XP level 20. HP: 183/194 MP: 19/19
 35517 | Zot:5    | Noticed a Killer Klown
 35517 | Zot:5    | Noticed an orb of fire
 35517 | Zot:5    | Noticed an orb of fire
 35517 | Zot:5    | Noticed a Killer Klown
 35517 | Zot:5    | Noticed an orb of fire
 35518 | Zot:5    | Killed a Killer Klown
 35518 | Zot:5    | Noticed an orb of fire
 35521 | Zot:5    | Gained mutation: Your health recovers twice as slowly from
                  | being drained. [an orb of fire]
 35521 | Zot:5    | Gained mutation: You frequently scream uncontrollably at
                  | your foes. [an orb of fire]
 35524 | Zot:5    | Gained mutation: Your body sometimes deteriorates upon
                  | taking damage. [an orb of fire]
 35531 | Zot:5    | Got the Orb of Zot
 35536 | Zot:5    | Noticed an orb of fire
 35538 | Zot:5    | Noticed a Killer Klown
 35539 | Zot:5    | Reached skill level 23 in Fighting
 35539 | Zot:5    | Gained mutation: You sometimes lose your temper in combat.
                  | [an orb of fire]
 35540 | Zot:5    | Noticed an orb of fire
 35541 | Zot:5    | Noticed an orb of fire
 35541 | Zot:5    | Gained mutation: You are dopey. (Int -2) [an orb of fire]
 35934 | D:13     | Noticed Fusovin the pandemonium lord
 35978 | D:13     | Killed Fusovin the pandemonium lord
 36033 | D:12     | Noticed a profane servitor
 36076 | D:10     | Killed a profane servitor
 36273 | D:$      | Escaped with the Orb!

Illustrated notes

Levels and vault maps discovered:
D:1:      wander_arrival_estate, layout_basic, serial_bayou_ford_a
D:2:      layout_loops_cross, hellmonk_ecumenical_altar_dog_temple,
          minmay_misc_feat_encased
D:3:      minmay_angry_zag, layout_loops_corners, overflow_temple_1_default,
          minivault_5, uniq_natasha, uniq_sigmund
D:4:      layout_rooms, old_standard_altar, jmf_multi_god_temple2,
          minmay_temple_entry_poolview, serial_shops, shop, uniq_pikel,
          uniq_blork_the_orc
D:5:      layout_loops_ring, nicolae_shop_gadgets
D:6:      layout_layer_cave, nicolae_grassy_gnolls, uniq_grinder
D:7:      layout_basic, nicolae_elyvilon_peaceful_grove,
          mainiacjoe_overflow_catwalk, uniq_maggie
D:8:      layout_loops_ring, enter_bailey_8
D:9:      layout_loops_ring, amcnicky_altar_gilded, kennysheep_little_box,
          orc_0_dummy
D:10:     nicolae_cairo_tiling_large, layout_layer_cave,
          mainiacjoe_overflow_boulevard, cheibrodos_worm_habitat,
          nicolae_overflow_hidden_temple, enter_trove_3, uniq_gastronok
D:11:     layout_stronghold, eino_small_chamber_without_monster, uniq_snorg,
          uniq_fannar
D:12:     layout_basic, serial_shops, shop, uniq_maurice
D:13:     gammafunk_corrupted_shrine, layout_irregular_city,
          minmay_hollow_rounded_squares
D:14:     layout_loops_ring, grunt_vaults_entry_fortified,
          hangedman_abyss_or_decor_slice, uniq_jorgrun
D:15:     hangedman_depths_entry_try_elsewhere_first, layout_irregular_city,
          chequers_serial_rivers_small_a, nicolae_gozag_zags_fifth_avenue,
          uniq_nessos
Lair:1:   layout_gridlike, uniq_urug
Lair:2:   layout_cave_pods, minmay_shoals_entry_lonely_mermaid,
          nicolae_snake_entry_warm_welcome, ebering_ghost_inner_flame,
          lemuel_fruit_fields, serial_bayou_shore_b
Lair:3:   layout_long_grid, serial_bayou, serial_bayou_shore_b,
          serial_bayou_shore_a, serial_bayou_shore_b, serial_bayou_pond_d,
          serial_bayou_pond_a, nicolae_lair_lindhole, uniq_nergalle
Lair:4:   layout_cave_pods, slime_entry_1, basic_altar
Lair:5:   cheibrodos_lair_end_hotspot, layout_big_grid, lemuel_fruit_tree,
          uniq_kirke
Shoals:1: layout_shoals, serial_shops, nicolae_shop_back_alley_shop
Shoals:2: layout_shoals, uniq_donald
Shoals:3: layout_shoals, nicolae_shoals_lost_giant_amphitheater,
          nicolae_shoals_wave_tunnel, uniq_mara, uniq_ilsuiw
Shoals:4: shoals_end_hangedman, layout_shoals, uniq_polyphemus
Snake:1:  layout_grid_maze, ebering_ghost_disaster_area, serial_bayou_shore_b
Snake:2:  layout_rooms, nicolae_triple_integral, uniq_aizul
Snake:3:  layout_chambers, serial_shops, bzr_in_the_mist
Snake:4:  hellmonk_snake_rune_quicksilver_temple, layout_cave_town,
          minmay_shop_star, uniq_roxanne
Orc:1:    layout_diamond_mine, serial_shops, nicolae_shop_tiny_waterfront,
          shop_statue, shop, minmay_orc_temple_b
Orc:2:    st_orc_mages, layout_diamond_mine, portal_ice_cave_entry_pillars_2,
          nicolae_volcano_entry_batcave
Depths:1: layout_cave_shapes, serial_shops, bzr_entry_customers,
          nicolae_hell_entry_big_baal_hell,
          nicolae_abyss_entry_one_way_or_another, nemelex_lonely_heart_becter,
          fountainhead, nicolae_concentric_dashed_squares_mild,
          serial_sigils_hangedman_shear, serial_bayou_lake_a
Depths:2: gammafunk_sealed_library, layout_gridlike, pan_entry,
          hangedman_coc_ice_floe, chequers_serial_rivers_micro_c,
          grunt_megastairs_1, minmay_staircase_windowed_large, firewood_loft,
          uniq_grunn
Depths:3: minmay_isolated_rectangles_in_corner, layout_cross,
          grunt_hell_entry_dis_grunt, nzn_wu_jian_contemplation,
          abyss_entry_small_statue_room
Depths:4: evilmike_zot_entry_argh, layout_honeycomb, enter_ziggurat_a,
          abyss_entry, rand_demon_pan_entry_5, hell_entry, minmay_statues_item
Zot:1:    circus_mu, layout_basic, regret_index_zotdec_abyssal_star_handed
Zot:2:    layout_cellular_growth, uniq_josephina
Zot:3:    grunt_twist_and_shout, layout_onion, regret_index_zotdec_stipple_waver
Zot:4:    layout_misc_corridors, nicolae_zig_zag_zippers, grunt_megastairs_2
Zot:5:    layout_basic

Skill      XL: |  1  2  3  4  5  6  7  8  9 10 11 12 13 14 15 16 17 18 19 20 |
---------------+-------------------------------------------------------------+-----
Fighting       | 4 5 7 9 10 11 12 13 14 16 17 18 20 21 22 23 | 23.1
Axes           | 3 4 6 8 10 12 14 16 18 | 18.4
Shields        | 4 5 9 10 13 15 17 19 | 19.4
Armour         | 4 5 6 8 9 10 12 13 15 16 17 19 20 22 | 22.3
Dodging        | 2 4 6 8 9 11 13 | 13.9

Action                     |  1- 3 |  4- 6 |  7- 9 | 10-12 | 13-15 | 16-18 | 19-21 || total
---------------------------+-------+-------+-------+-------+-------+-------+-------++-------
  Melee: War axe           |    66 |   113 |    30 |       |       |       |       ||   209
         Headbutt          |    10 |    17 |    18 |    40 |    87 |   321 |   216 ||   709
         Executioner's axe |       |       |   115 |   263 |   471 |   335 |       ||  1184
         Broad axe         |       |       |       |       |       |  1044 |   733 ||  1777
 Invoke: Sacrifice Arcana  |     1 |       |       |       |       |       |       ||     1
         Sacrifice Artific |       |       |     1 |       |       |       |       ||     1
         Draw Out Power    |       |       |     2 |     1 |       |     2 |     1 ||     6
         Sacrifice Forms   |       |       |     1 |       |       |       |       ||     1
         Sacrifice Purity  |       |       |       |     1 |       |       |       ||     1
         Sacrifice Resista |       |       |       |     1 |       |       |       ||     1
         Apocalypse        |       |       |       |     1 |     2 |     6 |     8 ||    17
         Sacrifice Love    |       |       |       |       |     1 |       |       ||     1
    Use: Potion            |       |     3 |     5 |       |     4 |     2 |    13 ||    27
         Scroll            |       |     4 |     2 |    10 |     4 |    16 |    12 ||    48
   Stab: Distracted        |       |       |       |     4 |     4 |     3 |     1 ||    12
         Paralysed         |       |       |       |     5 |     4 |    22 |    23 ||    54
         Invisible         |       |       |       |     1 |     2 |    12 |     5 ||    20
         Held in net/web   |       |       |       |       |       |     1 |       ||     1
         Petrified         |       |       |       |       |       |     6 |       ||     6
 Armour: Scale mail        |    43 |    90 |   117 |    17 |       |       |       ||   267
         Skin              |       |       |     5 |       |       |       |       ||     5
         Plate armour      |       |       |       |   173 |   239 |   188 |       ||   600
         Fire dragon scale |       |       |       |       |       |   602 |   234 ||   836
         Storm dragon scal |       |       |       |       |       |       |   135 ||   135
  Dodge: Dodged            |    40 |    35 |   121 |   150 |   287 |   810 |   294 ||  1737
  Block: Buckler           |    17 |    18 |     7 |       |       |       |       ||    42
         Other             |       |       |    21 |    41 |    24 |       |       ||    86
         Reflection        |       |       |     3 |       |     4 |    60 |     6 ||    73
         Kite shield       |       |       |       |       |       |   839 |   518 ||  1357
